 Dungeon Crawl Stone Soup version 0.29.1-15-g9cfb28693d (webtiles) character file.

Game seed: 9087981499347862607

65 leafyfresh the Sneak (level 4, -3/33 HPs)
             Began as an Octopode Delver on Mar 4, 2023.
             Slain by an ufetubus (4 damage)
             ... on level 4 of the Dungeon.
             The game lasted 00:01:19 (321 turns).

leafyfresh the Sneak (Octopode Delver)               Turns: 321, Time: 00:01:20

Health: -3/33      AC:  1    Str: 11    XL:     4   Next: 13%
Magic:  4/4        EV: 13    Int: 14    God:
Gold:   0          SH:  0    Dex: 13    Spells: 3/3 levels left

rFire   . . .      SeeInvis .   a - +0 short sword
rCold   . . .      Faith    .   (no shield)
rNeg    . . .      Spirit   .   (helmet restricted)
rPois   .          Reflect  .   (no amulet)
rElec   .          Harm     .   (no ring)
rCorr   .          Rampage  .   (no ring)
Will    .....                   (no ring)
Stlth   ++++......              (no ring)
HPRegen 0.11/turn               (no ring)
MPRegen 0.09/turn               (no ring)
                                (no ring)
                                (no ring)

@: no status effects
A: almost no armour, amphibious, 8 rings, camouflage 1, gelatinous body 1,
(nimble swimmer 1), tentacles
a: no special abilities


You were on level 4 of the Dungeon.
You visited 1 branch of the dungeon, and saw 2 of its levels.

Inventory:

Hand Weapons
 a - a +0 short sword (weapon)
Armour
 g - a +0 buckler
Wands
 f - a wand of digging (3)
Scrolls
 b - a scroll of fog
 c - a scroll of magic mapping
 d - a scroll of fear
 h - a scroll of blinking {unknown}
 j - a scroll of butterflies {unknown}
 k - a scroll of identify {unknown}
 l - a scroll of vulnerability {unknown}
Potions
 e - a potion of haste
 i - 2 potions of curing {unknown}


   Skills:
 + Level 3.7 Fighting
 - Level 2.0 Short Blades
 + Level 2.9 Dodging
 + Level 7.3 Stealth


You had 3 spell levels left.
You didn't know any spells.
Your spell library was empty.

Dungeon Overview and Level Annotations

Branches:
Dungeon (5/15)
 Temple: D:4-7

Altars:

Annotations:
D:5 Edmund


Innate Abilities, Weirdness & Mutations

You cannot wear most types of armour.
You are amphibious.
You can wear up to eight rings at the same time.
Your skin changes colour to match your surroundings (Stealth+).
Your rubbery body absorbs attacks. (AC +1, EV +1)
((You are camouflaged when in or above water. (Stealth+)))
You have tentacles for arms and can constrict up to eight enemies at once.


Message History

You hear a shout!
The ufetubus shouts!
An orc comes into view. It is wielding a +0 flail.
The orc shouts!
The ufetubus hits you. The ufetubus closely misses you.
The ufetubus hits you. x2
The orc moves out of view.
An orc comes into view. It is wielding a +0 flail.
You miss the ufetubus. Your grab misses the ufetubus. The ufetubus hits you. x2
You miss the ufetubus. Your grab misses the ufetubus. The ufetubus misses you.
The ufetubus closely misses you. The orc closely misses you.
The ufetubus hits you.
The ufetubus hits you but does no damage.
Unknown command.
The orc attacks as you move away! The orc misses you.
You hit the ufetubus. Your grab misses the ufetubus.
Your squeeze misses the ufetubus.
The ufetubus is lightly wounded.
The ufetubus hits you. The ufetubus closely misses you.
The ufetubus barely misses you. x2
You closely miss the ufetubus. Your grab misses the ufetubus.
The ufetubus is lightly wounded.
The ufetubus closely misses you. The ufetubus hits you.
* * * LOW HITPOINT WARNING * * *
You hit the ufetubus but do no damage. Your grab misses the ufetubus.
The ufetubus is lightly wounded.
The ufetubus hits you.
* * * LOW HITPOINT WARNING * * *
The ufetubus hits you.
* * * LOW HITPOINT WARNING * * *
The ufetubus hits you but does no damage.
The ufetubus hits you.
* * * LOW HITPOINT WARNING * * *
You barely miss the ufetubus. Your grab misses the ufetubus.
Your squeeze misses the ufetubus.
The ufetubus is lightly wounded.
The ufetubus misses you. x2
You hit the ufetubus but do no damage. You grab the ufetubus.
The ufetubus is lightly wounded.
You constrict the ufetubus. The ufetubus barely misses you.
The ufetubus hits you.
You die...

# #...# #
##.## ##
#####.#####
.##
#.........#
..##
#..##.##..#
...##
#.>##.†#..#
....#
############
....+
#.#...#.#.#
....#
#oo...#@##
...# #.5#)#
..## #
##o.## .##
#. ##..# ##
#.# ##.# #
#..# ##..# #
#..# ##..##
##
#..###..#.#
.##
#..#..#.##


You could see an orc and an ufetubus.

Vanquished Creatures
  A scorpion (D:5)
  An orc (D:4)
  A giant cockroach (D:4)
  A ball python (D:4)
4 creatures vanquished.

Notes
Turn   | Place    | Note
-------+----------+-------------------------------------------
     0 | D:5      | leafyfresh the Octopode Delver began the quest for the Orb.
     0 | D:5      | Reached XP level 1. HP: 16/16 MP: 1/1
    25 | D:5      | Noticed a scorpion
    34 | D:5      | Killed a scorpion
    35 | D:5      | Reached skill level 7 in Stealth
    35 | D:5      | Reached XP level 2. HP: 17/22 MP: 2/2
    35 | D:5      | Reached XP level 3. HP: 21/27 MP: 3/3
    35 | D:5      | Reached XP level 4. HP: 26/33 MP: 4/4
   159 | D:5      | Noticed Edmund
   319 | D:4      | HP: 1/33 [ufetubus (1)]
   321 | D:4      | Slain by an ufetubus

Illustrated notes

Levels and vault maps discovered:
D:4:      minmay_diamond_boxcup, layout_loops_corners,
          minmay_temple_entry_arrows
D:5:      layout_rooms, uniq_edmund

Skill      XL: |  1 |
---------------+----+-----
Stealth        | 7 |  7.3
Fighting       | |  3.7
Short Blades   | |  2.0
Dodging        | |  2.9

Action                   |  1- 3 |  4- 6 || total
-------------------------+-------+-------++-------
Melee: Short sword       |     6 |    10 ||    16
       Constrict         |     1 |     1 ||     2
       Tentacles         |     1 |       ||     1
 Stab: Sleeping          |       |     2 ||     2
Armor: Skin              |     1 |     2 ||     3
Dodge: Dodged            |     4 |    12 ||    16
